 Dungeon Crawl Stone Soup version 0.21.1-1-g345015f (webtiles) character file.

90 sankara the Sneak (level 4, 21/21 HPs)
             Began as a Spriggan Enchanter on Feb 14, 2018.
             Got out of the dungeon alive.
             The game lasted 00:13:03 (2993 turns).

sankara the Sneak (Spriggan Enchanter)              Turns: 2993, Time: 00:13:04

Health: 21/21      AC:  2    Str:  4    XL:     4   Next: 32%
Magic:  10/10      EV: 16    Int: 17    God:
Gold:   106        SH:  5    Dex: 16    Spells: 4/10 levels left

rFire    . . .     SeeInvis +   q - +0 dagger (vamp)
rCold    . . .     Gourm    .   d - +0 buckler
rNeg     . . .     Faith    .   b - +0 robe
rPois    .         Spirit   .   (helmet restricted)
rElec    .         Reflect  .   (no cloak)
rCorr    +         Harm     .   (gloves unavailable)
MR       .....                  (boots unavailable)
Stlth    +++.......             (no amulet)
HPRegen  0.07/turn              r - ring of resist corrosion
MPRegen  0.12/turn              (no ring)

@: heavily drained, very quick
A: very small, unfitting armour, see invisible, herbivore, speed 3, slow
metabolism 2
a: no special abilities


You escaped.
You were not hungry.

You visited 1 branch of the dungeon, and saw 3 of its levels.

You collected 106 gold pieces.

Inventory:

Hand Weapons
 a - a +1 dagger
 p - a +0 hunting sling
 q - a +0 vampiric dagger (weapon)
Missiles
 f - 23 sling bullets
 g - 100 stones (quivered)
 o - 30 poisoned needles
Armour
 b - a +0 robe (worn)
 d - a +0 buckler (worn)
Jewellery
 r - a ring of resist corrosion (left hand)
Scrolls
 h - 3 scrolls of identify {unknown}
 i - a scroll of enchant armour {unknown}
 j - a scroll of fear {unknown}
 k - 2 scrolls of magic mapping {unknown}
 l - a scroll of fog {unknown}
 t - a scroll of teleportation {unknown}
Potions
 e - a potion of invisibility {unknown}
 m - a potion of degeneration {unknown}
 n - a potion of might {unknown}
 s - a potion of agility {unknown}
Books
 c - a book of Maledictions

   Spells                             Type                      Level
   a - Corona                         Hexes                        1
   b - Ensorcelled Hibernation        Hexes/Ice                    2
   c - Confuse                        Hexes                        3
   d - Tukima's Dance                 Hexes                        3
   e - Dazzling Spray                 Conjuration/Hexes            3


   Skills:
 - Level 1.1(0.0) Short Blades
 - Level 3.5(1.9) Dodging
 * Level 6.1(4.4) Stealth
 + Level 0.1(0.0) Shields
 + Level 3.6(2.0) Spellcasting
 + Level 4.4(2.8) Hexes


You had 4 spell levels left.
You knew the following spells:

 Your Spells              Type           Power        Failure   Level  Hunger
a - Ensorcelled Hibernat  Hex/Ice        #.....       26%         2    ###....
b - Confuse               Hex            ##......     30%         3    ###....
y - Corona                Hex            ##.....      10%         1    #......


Dungeon Overview and Level Annotations

Branches:
Dungeon (3/15)

Altars:


Innate Abilities, Weirdness & Mutations

You are very small and have problems with some larger weapons.
You are too small for most types of armour.
You have supernaturally acute eyesight. (SInv)
You are a herbivore.
You cover ground extremely quickly.
You need consume almost no food.


Message History

You don't have enough magic to cast that spell.
Unknown command.
Items here: $ ( ? † 24 stones; a scroll labeled RUG VUNOMY; 17 gold pieces; a goblin corpse
There is a stone staircase leading up here.
You climb upwards.
There is a stone staircase leading down here.
You start resting.
Magic restored.
You start resting.
HP restored.
There is a stone staircase leading up here.
You climb upwards.
There is a stone staircase leading down here.
There is a fountain of clear blue water here.
There is an open door here.
There is an open door here.
There is a staircase leading out of the dungeon here.
Are you sure you want to leave the Dungeon?
This will make you lose the game!
You have escaped!

.#####...## #.#
.####.....### #.#
...........)# ##.#######
.####.....#.######........#
....................#####.#
.######.#######.###.# #.#
.# ### #####.# #.# .#
##...#######.# .#
#..@..#......# [#
######.....######## .#
###...###...###...### ##
##.......##'##.......#####
#.........#.#.........#..#
#.........'.'.........##.#
#.........#.#.........##.#
##.......##'##.......###.#
###...####.####...#####.#


There were no monsters in sight!

Vanquished Creatures
  A jelly (D:3)
  2 adders (D:3)
  A giant cockroach (D:1)
  6 goblins
  5 hobgoblins
  2 jackals (D:3)
  9 kobolds
  A ball python (D:1)
  4 bats
  3 frilled lizards
  10 rats
44 creatures vanquished.

Notes
Turn   | Place    | Note
-------+----------+-------------------------------------------
     0 | D:1      | sankara the Spriggan Enchanter began the quest for the Orb.
     0 | D:1      | Reached XP level 1. HP: 9/9 MP: 5/5
   338 | D:1      | Reached XP level 2. HP: 9/13 MP: 4/6
   404 | D:1      | Learned a level 2 spell: Ensorcelled Hibernation
  1789 | D:2      | Reached skill level 5 in Stealth
  2361 | D:3      | Reached XP level 3. HP: 16/16 MP: 1/8
  2366 | D:3      | Learned a level 3 spell: Confuse
  2485 | D:3      | Reached skill level 6 in Stealth
  2485 | D:3      | Reached XP level 4. HP: 21/21 MP: 7/10
  2993 | D:$      | Got out of the dungeon alive.

Skill      XL: |  1  2  3 |
---------------+----------+-----
Spellcasting   | 3 |  3.6
Hexes          | 4 |  4.4
Stealth        | 5 6 |  6.1
Short Blades   | |  1.1
Dodging        | |  3.5
Shields        | |  0.1

Action                   |  1- 3 |  4- 6 || total
-------------------------+-------+-------++-------
Melee: Dagger            |    99 |    32 ||   131
 Cast: Corona            |    11 |       ||    11
       Ensorcelled Hiber |    16 |    12 ||    28
 Stab: Sleeping          |    16 |     8 ||    24
  Eat: Ration            |     3 |       ||     3
Armor: Robe              |     8 |     4 ||    12
Dodge: Dodged            |    62 |    36 ||    98
Block: Buckler           |       |    14 ||    14
